 Dungeon Sprint DCSS version 0.22-a0-368-g870eee8 (webtiles) character file.

514562 sexinstructor the Conqueror (level 21, 204/204 HPs)
             Began as a Formicid Fighter on Apr 23, 2018.
             Was the Champion of Qazlal.
             Escaped with the Orb!
             The game lasted 01:53:00 (11467 turns).

sexinstructor the Conqueror (Formicid Fighter)     Turns: 11467, Time: 01:53:01

Health: 204/204    AC: 38    Str: 36    XL:     21   Next: 58%
Magic:  49/49      EV: 11    Int: 18    God:    Qazlal [******]
Gold:   0          SH: 45    Dex:  8    Spells: 60/69 levels left

rFire    + + +     SeeInvis +   R - +8 mithril axe "Arga" {speed, MR+}
rCold    + + +     Gourm    .   H - +18 shield of the Gong {rElec rN+ MR+ EV-5}
rNeg     + . .     Faith    .   y - +0 crystal plate armour of the Volcano {rF+++ rC++ MR-}
rPois    .         Spirit   .   (helmet unavailable)
rElec    +         Reflect  +   Y - +2 cloak
rCorr    .         Harm     .   D - +2 pair of gloves of the Beginning {rC+ Str+2 Dex-2 SInv}
MR       +++..                  K - +2 pair of boots {Stlth+}
Stlth    ..........             T - +3 amulet of reflection
HPRegen  0.44/turn              B - +6 ring of strength
MPRegen  0.31/turn              J - ring "Zutuir" {+Blink rElec Int+7 SInv}

@: starving, studying 4 skills, repel missiles
A: permanent stasis, dig shafts and tunnels, four strong arms, antennae 3
0: Orb of Zot
a: Dig, Upheaval, Elemental Force, Disaster Area, Renounce Religion


You escaped.
You worshipped Qazlal.
Qazlal was exalted by your worship.
You were starving.

You visited 1 branch

Inventory:

Hand Weapons
 a - the +9 staff of Wucad Mu {channel}
   (You took it off an iron imp in the Dungeon)
 o - a +4 battleaxe of flaming
 w - a +6 executioner's axe of flaming
 R - the +8 mithril axe "Arga" (weapon) {speed, MR+}
   (You took it off a spriggan in the Dungeon)

   Attacks with this weapon are significantly faster.
   It affects your resistance to hostile enchantments.
 S - the +0 great sword of Arrival {protect, rPois Int+3 SInv}
   (You found it in the Dungeon)

   It protects the one who uses it against injury (+AC on strike).
   It affects your intelligence (+3).
   It protects you from poison.
   It lets you see invisible.
Armour
 c - the +2 robe of Vines {NoPotionHeal Regen+7}
   (You found it in the Dungeon)

   It increases your rate of regeneration.
 y - the +0 crystal plate armour of the Volcano (worn) {rF+++ rC++ MR-}
   (You found it in the Dungeon)

   It renders you almost immune to fire.
   It greatly protects you from cold.
   It affects your resistance to hostile enchantments.
 D - the +2 pair of gloves of the Beginning (worn) {rC+ Str+2 Dex-2 SInv}
   (You found it in the Dungeon)

   It affects your strength (+2).
   It affects your dexterity (-2).
   It protects you from cold.
   It lets you see invisible.
 G - the +15 Maxwell's patent armour {-Cast -Tele rElec MR+ rCorr}
   (You found it in the Dungeon)

   It insulates you from electricity.
   It affects your resistance to hostile enchantments.
   It prevents spellcasting.
   It prevents most forms of teleportation.
   It protects you from acid and corrosion.
 H - the +18 shield of the Gong (worn) {rElec rN+ MR+ EV-5}
   (You found it in the Dungeon)

   It affects your evasion (-5).
   It insulates you from electricity.
   It protects you from negative energy.
   It affects your resistance to hostile enchantments.
 K - a +2 pair of boots of stealth (worn)
 O - a scarf of repulsion
 Y - a +2 cloak (worn)
Jewellery
 j - the ring of Kar Suim {rElec rN+ Dex+6 Slay+5}
   (You took it off a merfolk siren in the Dungeon)

   [ring of dexterity]

   It affects your dexterity (+6).
   It affects your accuracy and damage with ranged weapons and melee attacks
   (+5).
   It insulates you from electricity.
   It protects you from negative energy.
 x - a +6 ring of dexterity
 z - a +6 ring of intelligence
 A - a +6 ring of intelligence
 B - a +6 ring of strength (left hand)
 C - a +6 ring of strength
 E - the amulet "Nisaupuh" {Gourm rF+ Int+6 Dex+2}
   (You took it off a merfolk impaler in the Dungeon)

   [amulet of the gourmand]

   It allows you to eat raw meat even when not hungry.
   It affects your intelligence (+6).
   It affects your dexterity (+2).
   It protects you from fire.
 F - the amulet "Coimmush" {Acrobat rElec MR+}
   (You found it in the Dungeon)

   [amulet of the acrobat]

   It helps you evade while moving and waiting.
   It insulates you from electricity.
   It affects your resistance to hostile enchantments.
 J - the ring "Zutuir" (right hand) {+Blink rElec Int+7 SInv}
   (You found it in the Dungeon)

   [ring of see invisible]

   It affects your intelligence (+7).
   It insulates you from electricity.
   It lets you see invisible.
   It lets you blink.
 M - the ring of the Seeker {+Fly rF+ rC+ Int-2}
   (You found it in the Dungeon)

   [ring of flight]

   It affects your intelligence (-2).
   It protects you from fire.
   It protects you from cold.
   It lets you fly.
 N - an uncursed ring of magical power
 P - a +4 ring of dexterity
 Q - the ring "Esaadim" {rF+ Str+5 Int-4}
   (You found it in the Dungeon)

   [ring of protection from fire]

   It affects your strength (+5).
   It affects your intelligence (-4).
   It protects you from fire.
 T - a +3 amulet of reflection (around neck)
 U - the ring "Zichu" {MR+ Str+4}
   (You found it in the Dungeon)

   [ring of protection from magic]

   It affects your strength (+4).
   It affects your resistance to hostile enchantments.
 W - an uncursed ring of protection from magic
 Z - the ring "Ikeenokk" {rPois Str+4 Int-4 Dex+6}
   (You took it off a merfolk in the Dungeon)

   [ring of poison resistance]

   It affects your strength (+4).
   It affects your intelligence (-4).
   It affects your dexterity (+6).
   It protects you from poison.
Scrolls
 b - 11 scrolls of enchant weapon
 k - 7 scrolls of enchant armour
 q - 4 scrolls of amnesia
 r - 7 scrolls of fog
 s - a scroll of holy word
 t - 5 scrolls of identify
 u - 3 scrolls of remove curse
 v - 2 scrolls of fear
 L - 8 scrolls of brand weapon
Potions
 d - 7 potions of might
 e - 9 potions of curing
 g - 17 potions of heal wounds
 i - 7 potions of magic
 l - 2 potions of brilliance
 m - 2 potions of invisibility
 n - 4 potions of resistance
 p - 6 potions of agility
Books
 h - a manual of Air Magic
 I - a manual of Fire Magic
 V - a manual of Long Blades
 X - a manual of Slings


   Skills:
 O Level 27 Fighting
 - Level 14.0 Long Blades
 - Level 22.5 Axes
 - Level 0.6 Staves
 - Level 1.3(1.4) Slings
 - Level 0.6(1.1) Throwing
 - Level 20.1 Armour
 - Level 22.0 Dodging
 - Level 1.0 Stealth
 - Level 18.1 Shields
 - Level 0.3 Unarmed Combat
 + Level 24.8 Spellcasting
 + Level 22.3 Necromancy
 O Level 27 Transmutations
 - Level 3.2 Fire Magic
 - Level 2.6 Air Magic
 O Level 27 Invocations
 - Level 0.4 Evocations


You had 60 spell levels left.
You knew the following spells:

 Your Spells              Type           Power        Failure   Level  Hunger
a - Necromutation         Tmut/Necr      #######...   3%          8    ######.
b - Beastly Appendage     Tmut           ######       0%          1    None


Dungeon Overview and Level Annotations

Branches:
Dungeon (1/1)

Altars:
Ashenzari
Cheibriados
Dithmenos
Elyvilon
Fedhas
Gozag
Hepliaklqana
Kikubaaqudgha
Makhleb
Nemelex Xobeh
Okawaru
Qazlal
Ru
Sif Muna
Trog
Uskayaw
Vehumet
Wu Jian
Xom
Yredelemnul
Zin
The Shining One
Beogh
Jiyva
Lugonu


Innate Abilities, Weirdness & Mutations

You cannot be hasted, slowed, berserked, paralysed or teleported.
You can dig through walls and to a lower floor.
Your four strong arms can wield two-handed weapons with a shield.
You have a pair of large antennae on your head. (SInv)


Message History

Done waiting.
You start waiting.
You are feeling hungry.
You start waiting.
Welcome back, sexinstructor the Formicid Fighter.
Qazlal says: Let the forces of nature tear it all down!
Press ? for a list of commands and other information.
You start waiting.
Done waiting.
You start waiting.
You are feeling very hungry.
You start waiting.
Done waiting.
You start waiting.
You are near starving!
You start waiting.
Done waiting.
You start waiting.
You are starving!
You have escaped!

............▓..▓.......▓..▓...8©8
............▓.▓▓▓.†{.{▓▓▓.▓....)[
.)..)|......▓.{▓.{†....▓{{▓..)).|
...).)......▓{.{..†)..≈{..▓...).)
[.(..)......▓......©...{.≈▓..))))
......[.....▓▓▓▓▓▓▓▓▓▓▓▓▓▓▓....))
.).|..).....▓8888888888888▓......
.)[....)....▓8..§........8▓..▓...
....[[).....▓8§.@.....©..8▓.▓....
..÷..)).....▓8.§§).......8▓....©.
....©.....{.▓8888888888888▓▓▓▓▓▓▓
▓▓▓▓▓▓▓▓▓▓▓▓▓▓▓▓▓▓▓▓▓▓▓▓▓▓▓▓▓▓▓▓▓
...≈.8©8.≈≈≈≈≈.≈▓.......{8©8.....
≈[|≈|)≈≈){{≈[||≈▓..)}.|[[.{..|}..
≈):)[):≈≈{{|})).▓....).)[{.)...}.
=≈}}}||)≈{)≈≈≈≈{▓.{|..[{.[......[
....≈.≈.≈≈.≈....▓.......):.}.....


There were no monsters in sight!

Vanquished Creatures
  3 pandemonium lords (D)
  An ancient lich (D)
  5 shard shrikes (D)
  A bone dragon (D)
  A Tzitzimitl (D)
  A lich (D)
  13 electric golems (D)
  An Ice Fiend (D)
  A Hell Sentinel (D)
  A deep elf blademaster (D)
  5 titans (D)
  6 Orb Guardians (D)
  6 deep elf master archers (D)
  4 shadow dragons (D)
  4 krakens (D)
  8 storm dragons (D)
  A draconian knight (D)
  2 deep elf sorcerers (D)
  2 ghost moths (D)
  2 orc warlords (D)
  An emperor scorpion (D)
  A draconian shifter (D)
  6 ghouls (D)
  3 reapers (D)
  2 stone giants (D)
  2 green draconians (D)
  A deep elf demonologist (D)
  A deep elf annihilator (D)
  3 red draconians (D)
  4 dire elephants (D)
  A black draconian (D)
  2 yellow draconians (D)
  A white draconian (D)
  2 blizzard demons (D)
  11 merfolk javelineers (D)
  A green death (D)
  A fire dragon (D)
  5 merfolk impalers (D)
  An ice dragon (D)
  7 yaktaur captains (D)
  13 spriggan air magi (D)
  5 hydras (D)
  3 naga warriors (D)
  A merfolk avatar (D)
  2 catoblepae (D)
  8 centaur warriors (D)
  An anaconda (D)
  6 merfolk aquamancers (D)
  2 satyrs (D)
  6 dancing weapons (D)
  An alligator snapping turtle (D)
  A death yak (D)
  4 spriggan berserkers (D)
  10 soul eaters (D)
  A spriggan (D)
  3 skeletal warriors (D)
  A swamp dragon (D)
  2 death drakes (D)
  3 spriggan druids (D)
  A flayed ghost (D)
  4 shadow demons (D)
  2 deep elf archers (D)
  A harpy (D)
  An orb spider (D)
  7 deep elf magi (D)
  4 necromancers (D)
  An orc knight (D)
  5 orc sorcerers (D)
  A wolf spider (D)
  8 cyclopes (D)
  2 elephants (D)
  2 moths of wrath (D)
  7 toenail golems (D)
  2 merfolk sirens (D)
  A manticore (D)
  6 black mambas (D)
  2 rust devils (D)
  4 guardian serpents (D)
  A torpor snail (D)
  4 komodo dragons (D)
  A spiny frog (D)
  7 tormentors (D)
  2 dryads (D)
  8 yaktaurs (D)
  A rime drake (D)
  3 hellwings (D)
  4 demonic crawlers (D)
  6 freezing wraiths (D)
  7 ice devils (D)
  2 red devils (D)
  A troll (D)
  10 merfolk (D)
  8 jumping spiders (D)
  2 blink frogs (D)
  9 wind drakes (D)
  A hornet (D)
  5 snapping turtles (D)
  8 hippogriffs (D)
  A dream sheep (D)
  4 flying skulls (D)
  7 air elementals (D)
  3 water elementals (D)
  2 shadows (D)
  3 yaks (D)
  5 redbacks (D)
  2 tarantellas (D)
  A wraith (D)
  A spriggan (shapeshifter) (D)
  2 ynoxinuls (D)
  4 neqoxecs (D)
  A steam dragon (D)
  2 chaos spawn (D)
  4 basilisks (D)
  5 insubstantial wisps (D)
  4 wargs (D)
  A naga (D)
  An acid dragon (D)
  3 hell hounds (D)
  11 water moccasins (D)
  2 porcupines (D)
  11 orc warriors (D)
  2 ice beasts (D)
  A phantom (D)
  2 necrophages (D)
  An ogre (D)
  6 crocodiles (D)
  7 centaurs (D)
  2 bullfrogs (D)
  A scorpion (D)
  A wight (D)
  3 orc priests (D)
  2 iron imps (D)
  4 orc wizards (D)
  6 mummies (D)
  2 adders (D)
  A river rat (D)
  A shadow imp (D)
  5 white imps (D)
  8 adder zombies (D)
  8 adder skeletons (D)
  An orc (D)
  2 ball pythons (D)
  6 bat skeletons (D)
  5 bat zombies (D)
  A jackal (D)
  A ball python skeleton (D)
  3 ball python zombies (D)
  A giant cockroach zombie (D)
  3 jackal skeletons (D)
  3 leopard gecko skeletons (D)
  A leopard gecko zombie (D)
  2 quokka skeletons (D)
  5 quokka zombies (D)
  A butterfly (D)
  13 tentacles (D)
539 creatures vanquished.

Vanquished Creatures (collateral kills)
  A Tzitzimitl (D)
  A ghoul (D)
  A merfolk impaler (D)
  A hydra (D)
  A naga warrior (D)
  A cyclops (D)
  A black mamba (D)
  A guardian serpent (D)
  3 water nymphs (D)
  A naga mage (D)
  A merfolk (D)
  A wind drake (D)
  A water moccasin (D)
  A swamp drake (D)
  A leopard gecko skeleton (D)
17 creatures vanquished.

Vanquished Creatures (others)
  A titan (D)
  2 stone giants (D)
  2 yaktaur captains (D)
  A centaur warrior (D)
  A satyr (D)
  An orc knight (D)
  2 cyclopes (D)
  2 yaktaurs (D)
  A snapping turtle (D)
  An insubstantial wisp (D)
  A centaur (D)
  A white imp (D)
  A bat skeleton (D)
  19 tentacles (D)
36 creatures vanquished.

Grand Total: 592 creatures vanquished

Notes
Turn   | Place    | Note
-------+----------+-------------------------------------------
     0 | D        | Found the +6 Majin-Bo {vamp, Archmagi MP+6 Int+6}
     0 | D        | Found the +7 great mace "Firestarter" {inner flame, rF++}
     0 | D        | sexinstructor the Formicid Fighter began the quest for the Orb.
     0 | D        | Reached XP level 1. HP: 18/18 MP: 1/1
     4 | D        | Found a deep blue altar of Sif Muna.
     4 | D        | Found a bloodstained altar of Trog.
     4 | D        | Found a sacrificial altar of Ru.
     4 | D        | Found a stormy altar of Qazlal.
     4 | D        | Found an iron altar of Okawaru.
     5 | D        | Found a sparkling altar of Nemelex Xobeh.
     5 | D        | Found a blossoming altar of Fedhas.
     7 | D        | Found a transporter.
     7 | D        | Found an ancient bone altar of Kikubaaqudgha.
     7 | D        | Found a viscous altar of Jiyva.
     7 | D        | Found a corrupted altar of Lugonu.
     7 | D        | Found a hazy altar of Hepliaklqana.
     7 | D        | Found a burning altar of Makhleb.
     7 | D        | Found an opulent altar of Gozag.
    32 | D        | Became a worshipper of Qazlal Stormbringer
    40 | D        | Found the +9 heavy crossbow "Sniper" {velocity, Acc+∞ SInv}
    40 | D        | Found the +10 dark maul {crush}
    40 | D        | Found the +15 Maxwell's patent armour {-Cast -Tele rElec MR+ rCorr}
    40 | D        | Found the +18 shield of the Gong {rElec rN+ MR+ EV-5}
    40 | D        | Found the cursed +14 obsidian axe {chop, +Fly SInv *Curse}
    71 | D        | Entered arena 2.
    71 | D        | Found a transporter.
    72 | D        | Found the +0 mask of the Dragon {MR+ Slay+3 SInv}
    84 | D        | Reached XP level 2. HP: 25/26 MP: 1/3
   109 | D        | Entered arena 3.
   109 | D        | Noticed a phantom
   109 | D        | Noticed a wight
   109 | D        | Found a transporter.
   115 | D        | Reached * piety under Qazlal
   122 | D        | Killed a wight
   122 | D        | Reached skill level 5 in Fighting
   122 | D        | Reached XP level 3. HP: 30/33 MP: 4/6
   122 | D        | Reached XP level 4. HP: 36/39 MP: 4/7
   127 | D        | Killed a phantom
   127 | D        | Reached ** piety under Qazlal
   127 | D        | Reached XP level 5. HP: 45/47 MP: 4/10
   169 | D        | Entered arena 4.
   169 | D        | Noticed a jumping spider
   169 | D        | Noticed a tarantella
   169 | D        | Noticed a jumping spider
   169 | D        | Found a transporter.
   177 | D        | Killed a tarantella
   177 | D        | Reached XP level 6. HP: 31/56 MP: 10/12
   181 | D        | Killed a jumping spider
   181 | D        | Reached skill level 10 in Axes
   181 | D        | Reached skill level 1 in Dodging
   181 | D        | Reached skill level 10 in Invocations
   181 | D        | Reached XP level 7. HP: 36/64 MP: 10/14
   182 | D        | Killed a jumping spider
   182 | D        | Reached *** piety under Qazlal
   182 | D        | Reached XP level 8. HP: 40/71 MP: 10/16
   325 | D        | Entered arena 5.
   325 | D        | Found a transporter.
   332 | D        | Reached **** piety under Qazlal
   340 | D        | Entered arena 6.
   340 | D        | Noticed a toenail golem
   340 | D        | Noticed a toenail golem
   340 | D        | Noticed a toenail golem
   340 | D        | Noticed a toenail golem
   340 | D        | Noticed a toenail golem
   340 | D        | Found a transporter.
   345 | D        | Killed a toenail golem
   345 | D        | Reached skill level 10 in Fighting
   347 | D        | Killed a toenail golem
   347 | D        | Reached XP level 9. HP: 77/79 MP: 17/17
   348 | D        | Killed a toenail golem
   349 | D        | Killed a toenail golem
   351 | D        | Killed a toenail golem
   351 | D        | Reached ***** piety under Qazlal
   382 | D        | Entered arena 7.
   382 | D        | Noticed a komodo dragon
   382 | D        | Noticed a komodo dragon
   383 | D        | Found a transporter.
   388 | D        | Killed a komodo dragon
   388 | D        | Reached skill level 15 in Axes
   388 | D        | Reached XP level 10. HP: 87/88 MP: 19/19
   390 | D        | Killed a komodo dragon
   404 | D        | Got the ring of the Seeker {+Fly rF+ rC+ Int-2}
   406 | D        | Got Doh Nach's Incunabulum of Creation and the Arsonist
   411 | D        | Entered arena 8.
   412 | D        | Found the +3 salamander hide armour {+Rage rF++}
   412 | D        | Found a transporter.
   420 | D        | Reached ****** piety under Qazlal
   519 | D        | Entered arena 9.
   520 | D        | Found a transporter.
   543 | D        | Got the ring "Esaadim" {rF+ Str+5 Int-4}
   553 | D        | Entered arena 10.
   553 | D        | Noticed a deep elf mage
   553 | D        | Noticed a war axe of distortion
   553 | D        | Noticed a short sword of holy wrath
   553 | D        | Noticed a deep elf demonologist
   553 | D        | Noticed a deep elf mage
   553 | D        | Noticed a deep elf mage
   554 | D        | Found a transporter.
   557 | D        | Killed a deep elf mage
   558 | D        | Killed a short sword of holy wrath
   558 | D        | Reached XP level 11. HP: 96/96 MP: 21/21
   560 | D        | Killed a deep elf mage
   560 | D        | Killed a deep elf demonologist
   561 | D        | Killed a deep elf mage
   561 | D        | Reached skill level 15 in Invocations
   564 | D        | Killed a war axe of distortion
   735 | D        | Got the cursed +0 great sword of Arrival {protect, rPois Int+3 SInv}
   738 | D        | Entered arena 11.
   738 | D        | Noticed a cyclops
   739 | D        | Found a transporter.
   748 | D        | Killed a cyclops
   748 | D        | Reached skill level 5 in Shields
   792 | D        | Got the Collected Works on Sinister Good Luck
   804 | D        | Got the ring "Zichu" {MR+ Str+4}
   808 | D        | Entered arena 12.
   808 | D        | Noticed a necromancer
   808 | D        | Noticed a necromancer
   808 | D        | Noticed a skeletal warrior
   809 | D        | Noticed a necromancer
   810 | D        | Noticed a necromancer
   810 | D        | Found a transporter.
   814 | D        | Killed a necromancer
   815 | D        | Killed a necromancer
   815 | D        | Reached XP level 12. HP: 107/107 MP: 24/24
   822 | D        | Killed a skeletal warrior
   840 | D        | Got the ring "Litzer" {Dex+3 SInv}
   843 | D        | Got the amulet "Digat" {Acrobat -Tele rN+ Int+2 SInv}
   850 | D        | Entered arena 13.
   850 | D        | Noticed a red draconian
   850 | D        | Noticed a black draconian
   850 | D        | Noticed a yellow draconian
   850 | D        | Noticed a green draconian
   850 | D        | Noticed a black draconian shifter
   851 | D        | Noticed a yellow draconian
   851 | D        | Noticed a red draconian
   851 | D        | Noticed a red draconian
   851 | D        | Noticed a white draconian
   851 | D        | Noticed a green draconian
   851 | D        | Noticed a green draconian knight
   853 | D        | Killed a green draconian
   853 | D        | Reached skill level 10 in Shields
   853 | D        | Killed a red draconian
   853 | D        | Reached skill level 15 in Fighting
   853 | D        | Killed a black draconian
   853 | D        | Killed a yellow draconian
   853 | D        | Killed a white draconian
   853 | D        | Killed a yellow draconian
   853 | D        | Killed a red draconian
   853 | D        | Killed a green draconian
   853 | D        | Reached XP level 13. HP: 106/119 MP: 24/26
   853 | D        | Killed a black draconian shifter
   855 | D        | Found a transporter.
   863 | D        | Killed a green draconian knight
   864 | D        | Killed a red draconian
   917 | D        | Learned a level 8 spell: Necromutation
   918 | D        | Got the Disquisition on Boosting Poison
   923 | D        | Entered arena 14.
   925 | D        | Noticed a four-headed hydra
   925 | D        | Noticed a five-headed hydra
   925 | D        | Reached skill level 15 in Shields
   925 | D        | Killed a five-headed hydra
   925 | D        | Killed a four-headed hydra
   925 | D        | Killed a fire dragon
   927 | D        | Noticed a four-headed hydra
   927 | D        | Noticed an ice dragon
   928 | D        | Found a transporter.
   942 | D        | Killed an eight-headed hydra
   942 | D        | Reached skill level 1 in Long Blades
   946 | D        | Killed an ice dragon
  1280 | D        | Entered arena 15.
  1283 | D        | Reached skill level 5 in Long Blades
  1283 | D        | Reached XP level 14. HP: 131/131 MP: 28/28
  1284 | D        | Noticed a dire elephant
  1289 | D        | Noticed an emperor scorpion
  1294 | D        | Killed a dire elephant
  1313 | D        | Killed an emperor scorpion
  1319 | D        | Found a transporter.
  1354 | D        | Got the ring "Dual" {Ice Int+7 Dex-3 SInv Stlth+}
  1358 | D        | Got the Grimoire of Assistive Feathers
  1378 | D        | Entered arena 16.
  1417 | D        | Found a transporter.
  1447 | D        | Got the Collected Works on Malediction and Earth
  1454 | D        | Reached skill level 5 in Dodging
  1454 | D        | Reached XP level 15. HP: 139/139 MP: 29/29
  1459 | D        | Entered arena 17.
  1461 | D        | Noticed a deep elf sorcerer
  1462 | D        | Noticed a deep elf blademaster
  1466 | D        | Noticed a deep elf sorcerer
  1469 | D        | Noticed a deep elf master archer
  1469 | D        | Killed a deep elf sorcerer
  1469 | D        | Killed a deep elf sorcerer
  1469 | D        | Reached skill level 10 in Long Blades
  1478 | D        | Killed a deep elf master archer
  1478 | D        | Killed a deep elf blademaster
  1512 | D        | Found a transporter.
  1537 | D        | Got Vuurph's Collected Works on Doomed Bewitchment
  1672 | D        | Entered arena 18.
  1702 | D        | Found a transporter.
  1734 | D        | Entered arena 19.
  1741 | D        | Noticed a bone dragon
  1742 | D        | Noticed a reaper
  1744 | D        | Reached skill level 5 in Armour
  1744 | D        | Reached XP level 16. HP: 141/149 MP: 31/31
  1744 | D        | Killed a bone dragon
  1744 | D        | Reached skill level 10 in Dodging
  1758 | D        | Found a transporter.
  1771 | D        | Got Maumeico's Collected Works on Evil Boosts
  1794 | D        | Entered arena 20.
  1813 | D        | Found the ring of Robustness {AC+8}
  1813 | D        | Reached skill level 1 in Stealth
  1814 | D        | Found the +3 hat of Pondering {ponderous, MR+ MP+10 Int+5}
  1814 | D        | Found a transporter.
  1850 | D        | Got Foduxac's Volume of Changing and Summoning
  1859 | D        | Found the +8 orange crystal plate armour {Archmagi, Int+3 Clar}
  1860 | D        | Got the Papyrus of Poison
  2031 | D        | Entered arena 21.
  2098 | D        | Found the cursed -5 robe of Misfortune {-Cast *Contam *Tele *Drain EV-5 Stlth-- *Curse}
  2099 | D        | Found a transporter.
  2193 | D        | Entered arena 22.
  2224 | D        | Reached skill level 10 in Armour
  2308 | D        | Found a transporter.
  2314 | D        | Got the amulet "Saggace" {Spirit +Fly rPois}
  2328 | D        | Got Sif Muna's Sophisticated Rites and Rhymes
  2344 | D        | Got the +2 pair of gloves of the Beginning {rC+ Str+2 Dex-2 SInv}
  2441 | D        | Entered arena 23.
  2449 | D        | Reached skill level 1 in Transmutations
  2457 | D        | Reached skill level 15 in Dodging
  2460 | D        | Reached XP level 17. HP: 163/165 MP: 11/32
  2474 | D        | Reached skill level 5 in Transmutations
  2494 | D        | Found the +3 Elemental Staff {rElec rF++ rC++ MR++ AC+5}
  2497 | D        | Found the +2 robe of Vines {NoPotionHeal Regen+7}
  2500 | D        | Found a transporter.
  2538 | D        | Got the amulet "Coimmush" {Acrobat rElec MR+}
  2546 | D        | Got the ring "Zutuir" {+Blink rElec Int+7 SInv}
  2613 | D        | Entered arena 24.
  2618 | D        | Noticed a shard shrike
  2622 | D        | Noticed a shard shrike
  2628 | D        | Killed a shard shrike
  2635 | D        | Killed a shard shrike
  2644 | D        | Noticed a shard shrike
  2644 | D        | Noticed a shard shrike
  2649 | D        | Reached skill level 10 in Transmutations
  2653 | D        | Noticed a shard shrike
  2654 | D        | Killed a shard shrike
  2663 | D        | Killed a shard shrike
  2672 | D        | Killed a shard shrike
  2694 | D        | Found a transporter.
  2721 | D        | Got the Compendium of Supportive Attacks
  2727 | D        | Got Xupaesh's Collected Works on Contamination and Conjuration
  2735 | D        | Got the Grimoire of the Feathery Volcanoes
  2816 | D        | Entered arena 25.
  2828 | D        | Noticed a shadow dragon
  2830 | D        | Killed a shadow dragon
  2830 | D        | Noticed a Tzitzimitl
  2831 | D        | Noticed a shadow dragon
  2832 | D        | Noticed a shadow dragon
  2832 | D        | Noticed a shadow dragon
  2833 | D        | Killed a shadow dragon
  2833 | D        | Reached XP level 18. HP: 168/181 MP: 25/33
  2833 | D        | Reached skill level 27 in Fighting
  2836 | D        | Killed a Tzitzimitl
  2848 | D        | Reached skill level 15 in Armour
  2858 | D        | Reached skill level 15 in Transmutations
  2913 | D        | Found a transporter.
  2931 | D        | Got the ring "Tiesaell" {rPois Dex+5}
  2936 | D        | Got Muiril's Tome of the Glacier and Creation
  2940 | D        | Got the amulet of Linearity {Acrobat rC+ Stlth+}
  2961 | D        | Got the Almanac of Twisted Attacks
  2975 | D        | Got the cursed +0 crystal plate armour of the Volcano {rF+++ rC++ MR-}
  2998 | D        | Entered arena 26.
  3023 | D        | Reached skill level 1 in Spellcasting
  3037 | D        | Reached skill level 5 in Spellcasting
  3047 | D        | Got the amulet "Nisaupuh" {Gourm rF+ Int+6 Dex+2}
  3159 | D        | Got the ring "Ikeenokk" {rPois Str+4 Int-4 Dex+6}
  3201 | D        | Got the ring of Kar Suim {rElec rN+ Dex+6 Slay+5}
  3202 | D        | Noticed a kraken
  3202 | D        | Noticed a kraken
  3211 | D        | Killed a kraken
  3218 | D        | Noticed a kraken
  3223 | D        | Killed a kraken
  3223 | D        | Reached skill level 10 in Spellcasting
  3247 | D        | Noticed a kraken
  3248 | D        | Found a transporter.
  3253 | D        | Killed a kraken
  3260 | D        | Killed a kraken
  3277 | D        | Got the Handbook of the Evil Oath
  3439 | D        | Entered arena 27.
  3446 | D        | Noticed a deep elf master archer
  3446 | D        | Noticed a deep elf master archer
  3452 | D        | Reached XP level 19. HP: 153/189 MP: 34/34
  3455 | D        | Identified the +8 great sword "Nun Viulaq" {flame, +Inv SInv}
  3459 | D        | Identified the +9 scimitar of Gomigaxi {speed, rF- rN++ MP+9 SInv}
  3460 | D        | Identified the +5 quarterstaff of Ufalyku {antimagic, +Fly rF+}
  3461 | D        | Reached skill level 1 in Necromancy
  3468 | D        | Reached skill level 5 in Necromancy
  3468 | D        | Reached skill level 15 in Spellcasting
  3632 | D        | Found a transporter.
  3668 | D        | Got the Volume of Enthralling Shape Shifting
  3700 | D        | Got the Disquisition on Freezing Necromancy
  3712 | D        | Got Moemo's Lost Almanac of Boris
  3718 | D        | Got Touxua's Tome of Protection and the Traveller
  3727 | D        | Learned a level 1 spell: Beastly Appendage
  3738 | D        | Entered arena 28.
  3746 | D        | Noticed an electric golem
  3746 | D        | Noticed an electric golem
  3747 | D        | Noticed an electric golem
  3747 | D        | Noticed an electric golem
  3747 | D        | Noticed an electric golem
  3750 | D        | Killed an electric golem
  3750 | D        | Killed an electric golem
  3750 | D        | Killed an electric golem
  3750 | D        | Reached skill level 10 in Necromancy
  3751 | D        | Killed an electric golem
  3755 | D        | Killed an electric golem
  3755 | D        | Reached XP level 20. HP: 162/197 MP: 31/40
  3758 | D        | Noticed an electric golem
  3781 | D        | Noticed an electric golem
  3786 | D        | Noticed an electric golem
  3788 | D        | Noticed an electric golem
  3790 | D        | Killed an electric golem
  3792 | D        | Noticed an electric golem
  3792 | D        | Noticed an electric golem
  3793 | D        | Noticed an electric golem
  3797 | D        | Noticed an electric golem
  3797 | D        | Killed an electric golem
  3797 | D        | Killed an electric golem
  3797 | D        | Reached skill level 27 in Invocations
  3797 | D        | Reached skill level 1 in Slings
  3797 | D        | Reached skill level 15 in Necromancy
  3799 | D        | Killed an electric golem
  3799 | D        | Reached skill level 1 in Fire Magic
  3799 | D        | Reached skill level 1 in Air Magic
  3799 | D        | Killed an electric golem
  3801 | D        | Killed an electric golem
  3801 | D        | Killed an electric golem
  3823 | D        | Killed an electric golem
  3947 | D        | Found the +6 arbalest "Damnation" {damnation}
  3950 | D        | Found a transporter.
  4019 | D        | Got The Last Secrets of Spellweaving
  4085 | D        | Got the Orb of Zot
  5186 | D        | Noticed a Tzitzimitl
  5197 | D        | Killed a Tzitzimitl
  5369 | D        | Noticed Agaerchot the pandemonium lord
  5369 | D        | Noticed a Hell Sentinel
  5376 | D        | Killed Agaerchot the pandemonium lord
  5379 | D        | Killed a Hell Sentinel
  5379 | D        | Reached XP level 21. HP: 144/204 MP: 38/46
  7699 | D        | Noticed Wuiramio the pandemonium lord
  7720 | D        | Killed Wuiramio the pandemonium lord
  7789 | D        | Noticed Ynnudej the pandemonium lord
  7789 | D        | Noticed an ancient lich
  7804 | D        | Killed an ancient lich
  7804 | D        | Reached skill level 27 in Transmutations
  7833 | D        | Killed Ynnudej the pandemonium lord
 11467 | D        | Escaped with the Orb!

Vault maps used:
D:        sprint_v

Skill      XL: |  1  2  3  4  5  6  7  8  9 10 11 12 13 14 15 16 17 18 19 20 21 |
---------------+----------------------------------------------------------------+-----
Fighting       | 4 5 6 8 9 10 11 12 14 16 18 19 20 23 26 27 | 27.0
Invocations    | 2 4 6 8 10 11 13 14 16 18 20 21 23 25 27 | 27.0
Axes           | 4 6 8 10 12 15 17 18 21 22 | 22.5
Dodging        | 1 5 9 15 17 20 22 | 22.0
Shields        | 8 13 17 18 | 18.1
Long Blades    | 5 8 12 14 | 14.0
Armour         | 5 11 13 17 20 | 20.1
Stealth        | 1 |  1.0
Transmutations | 4 12 18 22 25 27 | 27.0
Spellcasting   | 11 16 21 24 | 24.8
Necromancy     | 11 18 22 | 22.3
Slings         | 1 |  1.3
Fire Magic     | 3 |  3.2
Air Magic      | 2 |  2.6
Staves         | |  0.6
Throwing       | |  0.6
Unarmed Combat | |  0.3
Evocations     | |  0.4

Action                   |  1- 3 |  4- 6 |  7- 9 | 10-12 | 13-15 | 16-18 | 19-21 || total
-------------------------+-------+-------+-------+-------+-------+-------+-------++-------
Melee: Executioner's axe |    23 |     9 |    20 |    30 |       |       |       ||    82
       Broad axe         |       |       |       |    42 |    84 |   181 |   266 ||   573
       Great sword       |       |       |       |       |     6 |       |       ||     6
Invok: Disaster Area     |       |       |       |       |     6 |    15 |     9 ||    30
       Elemental Force   |       |       |       |       |     1 |     4 |       ||     5
       Upheaval          |       |       |       |       |     2 |    10 |     5 ||    17
 Abil: Dig               |       |       |       |       |       |       |     1 ||     1
  Use: Potion            |       |     2 |       |       |     3 |       |     2 ||     7
       Scroll            |       |       |       |       |     1 |     6 |     1 ||     8
 Stab: Distracted        |       |       |       |       |       |     1 |       ||     1
  Eat: Chunk             |       |       |       |       |     3 |     4 |       ||     7
       Ration            |       |       |       |       |       |     1 |     6 ||     7
Armor: Plate armour      |    18 |    32 |    12 |    40 |    35 |    53 |     7 ||   197
       Crystal plate arm |       |       |       |       |       |       |    34 ||    34
Dodge: Dodged            |     1 |     3 |     1 |     1 |     7 |    15 |    27 ||    55
       Deflected         |       |       |       |     1 |       |     7 |     6 ||    14
Block: Shield            |    54 |    25 |    36 |   119 |   109 |   293 |   211 ||   847
       Reflection        |       |       |       |       |       |    52 |    42 ||    94
       Rpst.: Great sword |       |       |       |       |     1 |       |       ||     1

Table legend:
 A = Spawn XP
 B = Non-spawn XP
 C = Spawn XP percentage of total XP
 D = Spawn monster count
 E = Non-spawn monster count
 F = Spawn count percentage of total count
 G = Total turns spent on level
                    A         B        C        D         E        F      G
               +---------+---------+-------+---------+---------+-------+---------
         Total |       0 |  368843 |   0.0 |       0 |     519 |   0.0 | 11467
               +---------+---------+-------+---------+---------+-------+---------
             D |       0 |  368843 |   0.0 |       0 |     519 |   0.0 | 11467
               +---------+---------+-------+---------+---------+-------+---------
